 Dungeon Crawl Stone Soup version 0.30-a0-528-g8c47a4955b (webtiles) character file.

Game seed: 13989187565717129382

2321 xzight the Thaumaturge (level 9, -1/67 HPs)
             Began as a Deep Elf Summoner on Dec 23, 2022.
             Was an Initiate of Hepliaklqana.
             Succumbed to a scorpion's poison
             ... on level 7 of the Dungeon.
             The game lasted 00:34:06 (8575 turns).

xzight the Thaumaturge (Deep Elf Summoner)          Turns: 8575, Time: 00:34:07

Health: -1/67      AC: 24    Str:  5    XL:     9   Next: 18%
Magic:  19/23      EV:  2    Int: 25    God:    Hepliaklqana [......]
Gold:   90         SH:  5    Dex: 15    Spells: 18/24 levels left

rFire   . . .      SeeInvis .    i - +0 spear
rCold   . . .      Faith    .    (no shield)
rNeg    . . .      Spirit   .    (body armour currently unavailable)
rPois   +          Reflect  +    (helmet currently unavailable)
rElec   .          Harm     .    (cloak currently unavailable)
rCorr   .          Rampage  .    (gloves currently unavailable)
Will    .....      NoTele   +    (boots currently unavailable)
Stlth   ++                       m - amulet of reflection
HPRegen 0.31/turn                (no ring)
MPRegen 0.18/turn                (no ring)

@: lethally poisoned (-1 -> -12), tree-form
A: stationary, stasis, torment immunity, boosted hp, (camouflage 1)
a: Renounce Religion


You were on level 7 of the Dungeon.
You worshipped Hepliaklqana.
Hepliaklqana was noncommittal.
You were a tree.
You visited 2 branches of the dungeon, and saw 8 of its levels.

You collected 306 gold pieces.
You spent 216 gold pieces at shops.


Innate Abilities, Weirdness & Mutations

You are a tree.
Your roots penetrate the ground, keeping you stationary.
You cannot be teleported.
You are immune to unholy pain and torment.
Your maximum health is greatly increased.
Your equipment is partially melded.
((Your skin changes colour to match your surroundings (Stealth+).))


   Skills:
 - Level 2.4 Dodging
 - Level 2.4 Stealth
 - Level 8.0 Spellcasting
 + Level 6.9 Conjurations
 - Level 6.0 Hexes
 - Level 6.0 Summonings
 + Level 6.9 Fire Magic


You had 18 spell levels left.
You knew the following spells:

 Your Spells              Type           Power      Damage    Failure   Level
a - Summon Small Mammal   Summ           100%       N/A       1%          1
b - Call Imp              Summ           40%        N/A       1%          2
c - Summon Guardian Gole  Hex/Summ       40%        N/A       1%          3

Your spell library contained the following spells:

 Spells                   Type           Power      Damage    Failure   Level
 Slow                     Hex            100%       N/A       1%          1
 Call Canine Familiar     Summ           40%        N/A       1%          3
 Confusing Touch          Hex            40%        N/A       1%          3
 Static Discharge         Conj/Air       54%        2-5/arc   2%          2
 Fireball                 Conj/Fire      22%        3d10      10%         5
 Iskenderun's Mystic Bla  Conj/Tloc      27%        2d7       14%         4
 Summon Lightning Spire   Summ/Air       25%        N/A       17%         4
 Gell's Gravitas          Tloc           10%        N/A       19%         3
 Lesser Beckoning         Tloc           20%        N/A       19%         3
 Teleport Other           Tloc           10%        N/A       19%         3
 Vampiric Draining        Necr           10%        2d6       19%         3
 Metabolic Englaciation   Hex/Ice        12%        N/A       43%         5
 Petrify                  Tmut/Erth      10%        N/A       52%         4
 Statue Form              Tmut/Erth      6%         N/A       100%        6
 Discord                  Hex            20%        N/A       100%        8

Inventory:

Hand Weapons
 i - a +0 spear (weapon)
Missiles
 o - 3 throwing nets {=f}
Armour
 k - the +1 robe of Likhlehi (melded) {rF+ Slay+3}
   (You bought it in a shop on level 2 of the Dungeon)

   Slay:      It affects your accuracy & damage with ranged weapons and melee
   (+3).
   rF:        It protects you from fire.
 p - the +2 robe of Xemantot {Dex+9}
   (You bought it in a shop on level 2 of the Dungeon)

   Dex:       It affects your dexterity (+9).
Jewellery
 m - an amulet of reflection (around neck)
Wands
 q - a wand of paralysis (5)
Scrolls
 a - 3 scrolls of magic mapping
 d - a scroll of identify {@r1}
 f - 2 scrolls of enchant armour
 g - a scroll of amnesia
 j - a scroll of fog
 l - 7 scrolls of vulnerability
Potions
 b - a potion of magic
 e - 3 potions of attraction
 n - 2 potions of flight

Dungeon Overview and Level Annotations

Branches:
Dungeon (7/15)             Temple (1/1) D:6

Altars:
Cheibriados
Dithmenos
Elyvilon
Gozag
Hepliaklqana
Kikubaaqudgha
Makhleb
Okawaru
Ru
Sif Muna
Trog
Uskayaw
Wu Jian
Xom
The Shining One

Shops:
D:2 [

Annotations:
D:6 exclusion: door

## ### .. ..# #.
#.# #. #.# #.
#§# #.##9##
.#####.#.#5###
.......r###♣§#
.#
##########.#s#§#
.# #.....#
###§##§## .#
#.....#
#§§§..§§# .#
#.....#
#§###.§§#
.###.....# #§
#..#§#
.##......# #
#...§#
.##......#
#.##.##§#
...<######
#.......#


You could see a scorpion (ally target), a friendly guardian golem (summoned) and
a friendly white imp (summoned, sheltered).


Message History

A guardian golem appears, shielding your allies.
* * * LOW HITPOINT WARNING * * *
You feel very sick. The scorpion stings you.
* * * LOW HITPOINT WARNING * * *
You are lethally poisoned!
The scorpion poisons you!
Unknown command.
It was a potion of lignification.
You turn into a tree.
The +1 robe of Likhlehi {rF+ Slay+3} melds into your body.
Your roots penetrate the ground.
* * * LOW HITPOINT WARNING * * *
You feel very sick.
The scorpion stings you but does no damage.
Okay, then.
The air fills with toxic fumes!
As you read the scroll of poison, it crumbles to dust.
* * * LOW HITPOINT WARNING * * *
You feel very sick. You block the scorpion's attack.
Okay, then.
Okay, then.
You hit the scorpion but do no damage.
The scorpion is moderately wounded.
* * * LOW HITPOINT WARNING * * *
You feel very sick. You block the scorpion's attack.
You closely miss the scorpion.
The scorpion is moderately wounded.
You die...

Skill      XL: |  1  2  3  4  5  6  7  8 |
---------------+-------------------------+-----
Spellcasting   | 4 5 6 7 8 |  8.0
Summonings     | 5 6 |  6.0
Hexes          | 3 4 5 6 |  6.0
Conjurations   | 1 3 6 |  6.9
Fire Magic     | 1 3 6 |  6.9
Dodging        | |  2.4
Stealth        | |  2.4

Action                   |  1- 3 |  4- 6 |  7- 9 || total
-------------------------+-------+-------+-------++-------
Melee: Spear             |    34 |    29 |    18 ||    81
       Punch             |     2 |     1 |       ||     3
 Cast: Summon Small Mamm |    73 |    68 |    35 ||   176
       Call Imp          |    24 |    27 |    20 ||    71
       Summon Guardian G |       |    12 |    48 ||    60
  Use: Scroll            |     1 |     6 |     6 ||    13
       Potion            |       |     3 |     4 ||     7
 Stab: Distracted        |     2 |     1 |     1 ||     4
Armor: Robe              |     5 |       |     3 ||     8
       Leather armour    |     5 |    11 |     7 ||    23
       Skin              |       |       |     1 ||     1
Dodge: Dodged            |    35 |    43 |    52 ||   130
Block: Other             |       |    21 |    19 ||    40
       Reflection        |       |     1 |       ||     1

Levels and vault maps discovered:
D:1:      dpeg_arrival_arbitrary_a, layout_loops_cross
D:2:      layout_rooms, serial_shops, shop_statue
D:3:      layout_loops_ring, tgw_sif, minmay_unequal
D:4:      layout_loops_cross
D:5:      layout_cave_pools, kennysheep_generic_room_10
D:6:      hangedman_cross_stitches, layout_loops_ring, trog_butcher_becter,
          lemuel_temple_firewalk_b, minmay_misc_feat_four_crosses
D:7:      layout_loops_cross, mainiacjoe_overflow_alcove_1,
          vehumet_altar_wand_db, ebering_ghost_reflecting_pool
Temple:   nicolae_temple_bog_church

Notes
Turn   | Place    | Note
-------+----------+-------------------------------------------
     0 | D:1      | xzight the Deep Elf Summoner began the quest for the Orb.
     0 | D:1      | Reached XP level 1. HP: 10/10 MP: 6/6
   336 | D:1      | Reached XP level 2. HP: 15/15 MP: 6/8
   339 | D:1      | Learned a level 2 spell: Call Imp
   939 | D:1      | Reached skill level 4 in Spellcasting
  1084 | D:1      | You fall into a shaft and drop 1 floor!
  1157 | D:1      | Reached skill level 5 in Summonings
  1157 | D:1      | Reached XP level 3. HP: 19/19 MP: 6/10
  1609 | D:2      | Found Qiaph's Antique Armour Shop.
  2197 | D:2      | Reached XP level 4. HP: 15/24 MP: 10/12
  2322 | D:3      | Learned a level 3 spell: Summon Guardian Golem
  2586 | D:3      | Got the Codex of Enchantment and Conflict
  2955 | D:3      | Reached skill level 5 in Spellcasting
  3193 | D:3      | Noticed Jessica
  3200 | D:3      | Killed Jessica
  3201 | D:3      | Reached XP level 5. HP: 25/28 MP: 10/14
  3237 | D:3      | Found a shimmering blue altar of Sif Muna.
  3647 | D:4      | Noticed an orc warrior
  3664 | D:4      | Reached skill level 1 in Hexes
  3664 | D:4      | Reached skill level 6 in Summonings
  3797 | D:4      | Reached skill level 2 in Hexes
  3913 | D:5      | Entered Level 5 of the Dungeon
  3969 | D:4      | Reached skill level 6 in Spellcasting
  4022 | D:4      | Reached skill level 3 in Hexes
  4022 | D:4      | Reached XP level 6. HP: 32/32 MP: 9/17
  4072 | D:4      | Killed an orc warrior
  4345 | D:4      | Reached skill level 4 in Hexes
  4619 | D:4      | Reached skill level 7 in Spellcasting
  4905 | D:5      | Noticed an ice beast
  4912 | D:5      | Gained mutation: Your spells are a little easier to cast,
                  | but a little less powerful. [potion of mutation]
  4916 | D:5      | Killed an ice beast
  4917 | D:5      | Reached skill level 1 in Conjurations
  4917 | D:5      | Reached skill level 1 in Fire Magic
  4917 | D:5      | Reached XP level 7. HP: 33/36 MP: 15/19
  5002 | D:5      | Lost mutation: Your spells are a little easier to cast, but
                  | a little less powerful. [potion of mutation]
  5002 | D:5      | Gained mutation: Your skin changes colour to match your
                  | surroundings (Stealth+). [potion of mutation]
  5108 | D:5      | Reached skill level 5 in Hexes
  5435 | D:6      | Reached skill level 2 in Conjurations
  5440 | D:6      | Reached skill level 2 in Fire Magic
  5626 | D:6      | Reached skill level 8 in Spellcasting
  5626 | D:6      | Reached skill level 3 in Conjurations
  5626 | D:6      | Reached skill level 3 in Fire Magic
  5626 | D:6      | Reached XP level 8. HP: 19/41 MP: 14/22
  5674 | D:6      | Reached skill level 6 in Hexes
  5823 | D:6      | Found a bloodstained altar of Trog.
  6028 | D:6      | Reached skill level 4 in Conjurations
  6028 | D:6      | Reached skill level 4 in Fire Magic
  6340 | D:6      | Reached skill level 5 in Conjurations
  6340 | D:6      | Reached skill level 5 in Fire Magic
  6421 | D:6      | HP: 3/41 [iguana (11)]
  6970 | D:6      | Reached skill level 6 in Fire Magic
  7171 | D:6      | Reached skill level 6 in Conjurations
  7407 | D:6      | Reached XP level 9. HP: 45/45 MP: 21/23
  7554 | D:2      | Bought a brightly glowing robe for 108 gold pieces
  7554 | D:2      | Identified the +2 robe of Xemantot {Dex+9} (You bought it
                  | in a shop on level 2 of the Dungeon)
  7565 | D:2      | Bought a sheer robe for 108 gold pieces
  7565 | D:2      | Identified the +1 robe of Likhlehi {rF+ Slay+3} (You bought
                  | it in a shop on level 2 of the Dungeon)
  7733 | D:6      | Noticed a troll
  7750 | D:6      | Killed a troll
  7786 | D:6      | Found a staircase to the Ecumenical Temple.
  7795 | Temple   | Entered the Ecumenical Temple
  7965 | Temple   | Became a worshipper of Hepliaklqana the Forgotten
  8392 | D:7      | Found a hide-covered altar of Uskayaw.
  8573 | D:7      | HP: 4/67 [poisoned by a scorpion]
  8574 | D:7      | HP: 1/67 [poisoned by a scorpion]
  8575 | D:7      | Succumbed to a scorpion's poison

Vanquished Creatures
  An adder (D:2)
  A shadow imp (D:5)
  An ufetubus (D:7)
  3 orcs
  A ball python (D:4)
  An endoplasm (D:2)
  A giant cockroach (D:2)
  2 hobgoblins
  A quokka (D:2)
12 creatures vanquished.

Vanquished Creatures (collateral kills)
  An ogre (D:5)
  A kobold brigand (D:7)
  2 hounds
  Jessica (D:3)
  An iguana (D:7)
  4 orc wizards
  4 adders
  A white imp (D:6)
  A worm (D:2)
  3 dart slugs (D:1)
  13 orcs
  5 bats
  4 endoplasms
  A giant cockroach (D:2)
  4 goblins
  5 hobgoblins
  2 jackals (D:3)
  6 kobolds
  8 quokkas
  5 ball pythons
  2 frilled lizards
  5 rats
79 creatures vanquished.

Vanquished Creatures (others)
  A troll (D:6)
  A yak (D:6)
  A water moccasin (D:6)
  A sky beast (D:6)
  3 ice beasts
  4 black bears (D:6)
  2 orc warriors
  An ogre (D:6)
  A kobold brigand (D:6)
  2 scorpions
  A hound (D:6)
  3 iguanas
  4 orc wizards
  4 gnolls (D:6)
  An adder (D:6)
  7 orcs
  6 kobolds (D:6)
43 creatures vanquished.

Grand Total: 134 creatures vanquished

Table legend: (Time is in decaauts)
 A = Elapsed time spent in this place.
 B = Non-inter-level travel time spent in this place.
 C = Inter-level travel time spent in this place.
 D = Time resting spent in this place.
 E = Time spent auto-exploring this place.
 F = Levels seen in this place.
 G = Mean time per level.
                   A        B        C        D        E       F      G
               +--------+--------+--------+--------+--------+-----+--------+
         Total |   8600 |   8067 |    533 |   1792 |   4041 |   8 | 1075.0 |
       Dungeon |   8400 |   7888 |    512 |   1792 |   3905 |   7 | 1200.0 |
        Temple |    199 |    179 |     20 |      0 |    136 |   1 |  199.0 |
               +--------+--------+--------+--------+--------+-----+--------+

Top non-repeatable levels by time:
     D:6: 1928 daAuts
     D:1: 1371 daAuts
     D:4: 1301 daAuts
     D:3: 1236 daAuts
     D:5: 1085 daAuts
     D:2: 1007 daAuts
     D:7: 469 daAuts
  Temple: 199 daAuts

Table legend:
 A = Non-vault XP
 B = Vault XP
 C = Vault XP percentage of total XP
 D = Non-vault monster count
 E = Vault monster count
 F = Vault count percentage of total count
                 A         B        C        D         E       F
            +---------+---------+-------+---------+---------+-------
      Total |    2370 |     946 |  28.5 |     112 |      13 |  10.4
            +---------+---------+-------+---------+---------+-------
        D:1 |      41 |       0 |   0.0 |      21 |       0 |   0.0
        D:2 |      60 |       0 |   0.0 |      18 |       0 |   0.0
        D:3 |      81 |      41 |  33.6 |      17 |       3 |  15.0
        D:4 |     406 |       0 |   0.0 |      18 |       0 |   0.0
        D:5 |     353 |       0 |   0.0 |      14 |       0 |   0.0
        D:6 |    1273 |     905 |  41.6 |      15 |      10 |  40.0
        D:7 |     156 |       0 |   0.0 |       9 |       0 |   0.0
            +---------+---------+-------+---------+---------+-------
